 Dungeon Crawl Stone Soup version 0.23.2-1-ga50397a6bc (webtiles) character file.

Game seed: 568131556781647658

144 GreenRAT the Cudgeler (level 5, -2/33 HPs)
             Began as a Gargoyle Monk on May 18, 2019.
             Slain by Sigmund
             ... wielding a +2 antimagic scythe
              (12 damage)
             ... on level 3 of the Dungeon.
             The game lasted 00:09:06 (1998 turns).

GreenRAT the Cudgeler (Gargoyle Monk)               Turns: 1998, Time: 00:09:06

Health: -2/33      AC:  8    Str: 15    XL:     5   Next: 26%
Magic:  1/5        EV: 13    Int: 10    God:
Gold:   80         SH:  0    Dex: 13    Spells: 4/4 levels left

rFire    . . .     SeeInvis .   t - +3 quarterstaff (chaos)
rCold    . . .     Gourm    .   (shield currently unavailable)
rNeg     + . .     Faith    .   b - +0 robe
rPois    ∞         Spirit   .   k - +0 helmet
rElec    +         Reflect  .   u - +0 cloak
rCorr    .         Harm     .   (no gloves)
MR       .....                  (no boots)
Stlth    ++........             (no amulet)
HPRegen  0.11/turn              e - ring of flight
MPRegen  0.09/turn              (no ring)

@: no status effects
A: negative energy resistance 1, electricity resistance, unbreathing,
petrification resistance, rot immunity, AC +4
a: Evoke Flight


You were on level 3 of the Dungeon.
You were not hungry.

You visited 1 branch of the dungeon, and saw 3 of its levels.

You collected 80 gold pieces.

Inventory:

Hand Weapons
 a - a +0 mace
 r - a +1 mace of protection
 t - a +3 quarterstaff of chaos (weapon)
Armour
 b - a +0 robe (worn)
 d - a +0 robe
 k - a +0 helmet (worn)
 u - a +0 cloak (worn)
Jewellery
 e - a ring of flight (left hand)
Scrolls
 g - 4 scrolls of identify {unknown}
 h - a scroll of amnesia {unknown}
 i - a scroll of random uselessness {unknown}
 j - 2 scrolls of blinking {unknown}
 m - 2 scrolls of teleportation {unknown}
 p - a scroll of immolation {unknown}
 q - a scroll of magic mapping {unknown}
 s - 2 scrolls of enchant weapon {unknown}
 w - 2 scrolls of remove curse {unknown}
 x - a scroll of fear {unknown}
Potions
 f - a potion of lignification {unknown}
 l - a potion of mutation {unknown}
 n - 2 potions of flight {unknown}
 o - a potion of brilliance {unknown}
 v - a potion of heal wounds {unknown}
Comestibles
 c - 3 rations


   Skills:
 + Level 3.9 Fighting
 + Level 4.3 Maces & Flails
 + Level 0.7(2.7) Staves
 + Level 3.1 Dodging
 + Level 3.1 Stealth


You had 4 spell levels left.
You didn't know any spells.
Your spell library was empty.

Dungeon Overview and Level Annotations

Branches:
Dungeon (3/15)

Altars:
Dithmenos
Nemelex Xobeh

Annotations:
D:3 Sigmund


Innate Abilities, Weirdness & Mutations

You are resistant to torment.
Your stone body is resilient. (AC +4)
You are immune to poison.
You resist negative energy. (rN+)
You are resistant to electric shocks. (rElec)
You can survive without breathing.
You are immune to petrification.
You are immune to rotting.


Message History

You see here a leopard gecko corpse.
Sigmund hits you from afar with a +2 antimagic scythe!
You feel your power leaking away. Sigmund hits you but does no damage.
You are too injured to fight recklessly!
Sigmund hits you with a +2 antimagic scythe.
* * * LOW HITPOINT WARNING * * *
You closely miss Sigmund. You sock Sigmund!
Sigmund's magic leaks into the air.
Sigmund is moderately wounded.
Sigmund closely misses you.
You barely miss Sigmund.
Sigmund is moderately wounded.
Sigmund mumbles some strange words.
Sigmund flickers and vanishes!
Deactivating autopickup; reactivate with Ctrl-A.
You hit something but do no damage. Something hits you but does no damage.
You closely miss something. Something barely misses you.
You miss something. Something hits you!
You die...

#... ..#.# #..# #.#. #... #.#.#
##.###.#. #%.###.#.# #..##.#.
#..K...#.# ####.##)#. #.....#.#
#......... ###.K.#.# #.........
####.#.# #......... ####...@#.#
#......... ###.......#@#
#......... ##........K{.#
####......... ##......†...#.#
#............ #..####.###.#.#
#............ ##..##...#
#.#.####...#####..#. #...#....#
#.#..>.'...+.....>..
#...#....###.######..<######...
##.......[##..# #...### #...
#....#######..# #.....## #...


You could see a kobold.

Vanquished Creatures
  Crazy Yiuf (D:2)
  An orc wizard (D:3)
  3 oozes
  2 dart slugs (D:2)
  3 leopard geckos (D:3)
  5 orcs (D:3)
  7 giant cockroaches
  5 goblins
  8 hobgoblins
  A quokka (D:2)
  6 bats
  2 frilled lizards
  13 kobolds
  7 rats
64 creatures vanquished.

Notes
Turn   | Place    | Note
-------+----------+-------------------------------------------
     0 | D:1      | GreenRAT the Gargoyle Monk began the quest for the Orb.
     0 | D:1      | Reached XP level 1. HP: 14/14 MP: 1/1
   100 | D:1      | Reached XP level 2. HP: 9/19 MP: 2/2
   445 | D:1      | Reached XP level 3. HP: 19/23 MP: 3/3
  1152 | D:2      | Reached XP level 4. HP: 23/29 MP: 4/4
  1261 | D:2      | Found a runed translucent door.
  1270 | D:2      | Noticed Crazy Yiuf
  1578 | D:2      | Killed Crazy Yiuf
  1578 | D:2      | Reached skill level 4 in Maces & Flails
  1612 | D:3      | Found a sparkling altar of Nemelex Xobeh.
  1613 | D:3      | Found a shadowy altar of Dithmenos.
  1645 | D:3      | Reached XP level 5. HP: 29/33 MP: 5/5
  1977 | D:3      | Noticed Sigmund
  1998 | D:3      | Slain by Sigmund

Skill      XL: |  1  2  3  4 |
---------------+-------------+-----
Dodging        | 3 |  3.1
Maces & Flails | 4 |  4.3
Stealth        | 3 |  3.1
Fighting       | |  3.9
Staves         | |  0.7

Action                   |  1- 3 |  4- 6 || total
-------------------------+-------+-------++-------
Melee: Mace              |   122 |    20 ||   142
       Quarterstaff      |       |    47 ||    47
 Stab: Sleeping          |     5 |     2 ||     7
  Eat: Ration            |       |     1 ||     1
Armor: Robe              |    44 |    23 ||    67
Dodge: Dodged            |    98 |    39 ||   137
